 Dungeon Crawl Stone Soup version 0.23-a0-358-g98c7a59 (console) character file.

244 nht the Firebug (level 6, -1/53 HPs)
             Began as an Ogre Fire Elementalist on Oct 22, 2018.
             Slain by Grinder (3 damage)
             ... while paralysed by Grinder
             ... on level 4 of the Dungeon.
             The game lasted 00:06:18 (3019 turns).

nht the Firebug (Ogre Fire Elementalist)            Turns: 3019, Time: 00:06:19

Health: -1/53      AC:  4    Str: 13    XL:     6   Next: 10%
Magic:  0/11       EV:  1    Int: 18    God:
Gold:   229        SH:  0    Dex: 14    Spells: 4/12 levels left

rFire    + . .     SeeInvis .   b - +2 short sword (protect)
rCold    x . .     Gourm    .   (no shield)
rNeg     . . .     Faith    .   a - +0 robe
rPois    .         Spirit   +   (helmet restricted)
rElec    .         Reflect  .   l - +0 cloak
rCorr    .         Harm     .   (gloves unavailable)
MR       .....                  (boots unavailable)
Stlth    +++.......             n - amulet of guardian spirit
HPRegen  0.17/turn              d - ring of fire
MPRegen  0.12/turn              (no ring)

@: paralysed, agile
A: large, unfitting armour, tough skin 1
a: no special abilities


You were on level 4 of the Dungeon.
You were not hungry.

You visited 1 branch of the dungeon, and saw 4 of its levels.

You collected 229 gold pieces.

Inventory:

Hand Weapons
 b - a +2 short sword of protection (weapon)
 m - a +2 short sword of draining
Missiles
 e - 10 poisoned needles
 j - a throwing net (quivered)
Armour
 a - a +0 robe (worn)
 l - a +0 cloak (worn)
Jewellery
 d - a ring of fire (left hand)
 n - an amulet of guardian spirit (around neck)
 q - a +4 amulet of reflection {unknown}
 u - an uncursed amulet of magic regeneration {unknown}
Scrolls
 o - a scroll of teleportation
 p - a scroll of remove curse
Potions
 f - 2 potions of agility
 g - a potion of mutation {unknown}
 h - a potion of berserk rage {unknown}
 i - a potion of ambrosia {unknown}
 k - a potion of lignification {unknown}
 t - a potion of degeneration {unknown}
Comestibles
 c - 7 rations
 s - a chunk of flesh


   Skills:
 - Level 2.1 Dodging
 - Level 1.7 Stealth
 + Level 3.6 Spellcasting
 + Level 3.1 Conjurations
 + Level 4.2 Fire Magic


You had 4 spell levels left.
You knew the following spells:

 Your Spells              Type           Power        Failure   Level  Hunger
a - Flame Tongue          Conj/Fire      ###..        3%          1    None
b - Animate Skeleton      Necr           N/A          16%         1    None
c - Conjure Flame         Conj/Fire      ###.....     10%         3    ###....
r - Regeneration          Chrm/Necr      #.........   43%         3    ###....

Your spell library contained the following spells:

 Spells                   Type           Power        Failure   Level  Hunger
 Throw Flame              Conj/Fire      ###...       4%          2    ##.....
 Pain                     Necr           #...         16%         1    None
 Inner Flame              Hex/Fire       ###.....     19%         3    ###....
 Sticky Flame             Conj/Fire      ###.....     32%         4    ####...
 Vampiric Draining        Necr           #.........   43%         3    ###....
 Animate Dead             Necr           N/A          83%         4    ####...
 Fireball                 Conj/Fire      ###.......   67%         5    ######.


Dungeon Overview and Level Annotations

Branches:
Dungeon (4/15)
 Temple: D:4-7

Altars:
The Shining One

Annotations:
D:4 Grinder


Innate Abilities, Weirdness & Mutations

You are too large for most types of armour.
You have tough skin. (AC +1)


Message History

You suddenly lose the ability to move!
The orc hits you but does no damage. The orc hits you. Grinder hits you!
You writhe in agony.
The orc hits you with a +0 club. The orc hits you but does no damage.
Grinder hits you.
You writhe in agony.
The orc hits you but does no damage. The orc hits you with a +0 club.
Grinder hits you but does no damage. The orc hits you.
The orc hits you but does no damage. Grinder gestures at you.
You struggle to resist.
The orc hits you but does no damage. The orc barely misses you.
Grinder hits you.
* * * LOW HITPOINT WARNING * * *
You writhe in agony.
* * * LOW HITPOINT WARNING * * *
The orc hits you.
* * * LOW HITPOINT WARNING * * *
The orc hits you but does no damage. Grinder hits you!
* * * LOW HITPOINT WARNING * * *
You writhe in agony.
You die...

███...█████................
█..........................
█.......................███
█..................[.......
█..........██..█.███████...
█...................█ ..
█..........█......█....█ .
█....................█.█
█............@o....█...
███████...(..5o......█..
████..........██ .
..............
............███..
.....█......█ ..
█.███....██.. █. .██.█ █..


You could see Grinder and 2 orcs.

Vanquished Creatures
  An orc priest (D:4)
  A bullfrog skeleton (D:4)
  Jessica (D:3)
  2 worker ants (D:4)
  2 adders (D:2)
  An ooze (D:3)
  An adder skeleton (D:4)
  A dart slug (D:1)
  2 leopard geckos
  10 orcs
  4 giant cockroaches (D:1)
  10 goblins
  7 hobgoblins
  5 jackals
  6 kobolds
  3 quokkas
  7 bats
  A frilled lizard (D:3)
  9 rats
74 creatures vanquished.

Notes
Turn   | Place    | Note
-------+----------+-------------------------------------------
     0 | D:1      | nht the Ogre Fire Elementalist began the quest for the Orb.
     0 | D:1      | Reached XP level 1. HP: 16/16 MP: 3/3
   134 | D:1      | Reached skill level 1 in Conjurations
   225 | D:1      | Reached XP level 2. HP: 24/24 MP: 0/5
   942 | D:2      | Reached XP level 3. HP: 31/31 MP: 4/7
  1092 | D:2      | Reached skill level 3 in Fire Magic
  1551 | D:2      | Reached XP level 4. HP: 33/39 MP: 0/8
  2269 | D:3      | Noticed Jessica
  2273 | D:3      | Killed Jessica
  2278 | D:3      | Learned a level 3 spell: Regeneration
  2280 | D:3      | Learned a level 1 spell: Animate Skeleton
  2284 | D:3      | Learned a level 3 spell: Conjure Flame
  2421 | D:3      | Reached XP level 5. HP: 45/45 MP: 5/9
  2426 | D:3      | Found a glowing golden altar of the Shining One.
  2620 | D:3      | Noticed an orc warrior
  2858 | D:4      | Reached skill level 4 in Fire Magic
  3006 | D:4      | Noticed Grinder
  3012 | D:4      | Reached XP level 6. HP: 46/53 MP: 1/11
  3013 | D:4      | Paralysed by Grinder for 7 turns
  3019 | D:4      | HP: 2/53 [Grinder (9)]
  3019 | D:4      | Slain by Grinder

Vault maps used:
D:1:      minmay_arrival_nine_rooms, minmay_tiny_reverse_x
D:2:      lemuel_upstairs_altar, serial_co_window_serial, co_window_paths_a,
          co_window_cross_1, co_window_corner_a, co_window_paths_a,
          co_window_corner_a, co_window_2corner, co_window_cross_3,
          co_window_broadway_b, co_window_4corner_b, co_window_paths_d,
          glass_columns_a, glass_columns_b, st_stairs_7
D:3:      nicolae_tso_carved_into_rock, uniq_jessica
D:4:      uniq_grinder, uniq_menkaure

Skill      XL: |  1  2  3  4  5 |
---------------+----------------+-----
Conjurations   | 1 2 3 |  3.1
Dodging        | 2 |  2.1
Fire Magic     | 3 4 |  4.2
Spellcasting   | 3 |  3.6
Stealth        | |  1.7

Action                   |  1- 3 |  4- 6 || total
-------------------------+-------+-------++-------
Melee: Unarmed           |     1 |       ||     1
       Short sword       |     4 |    11 ||    15
 Cast: Flame Tongue      |    73 |    68 ||   141
       Conjure Flame     |       |     1 ||     1
  Use: Scroll            |     2 |     5 ||     7
       Potion            |       |     1 ||     1
  Eat: Chunk             |     2 |     5 ||     7
Armor: Robe              |    21 |    19 ||    40
Dodge: Dodged            |    25 |    26 ||    51

Table legend:
 A = Non-vault XP
 B = Vault XP
 C = Vault XP percentage of total XP
 D = Non-vault monster count
 E = Vault monster count
 F = Vault count percentage of total count
                 A         B        C        D         E       F
            +---------+---------+-------+---------+---------+-------
      Total |     307 |      42 |  12.0 |      70 |       4 |   5.4
            +---------+---------+-------+---------+---------+-------
        D:1 |      28 |       4 |  12.5 |      16 |       2 |  11.1
        D:2 |      62 |       1 |   1.6 |      22 |       1 |   4.3
        D:3 |      46 |      37 |  44.6 |      21 |       1 |   4.5
        D:4 |     171 |       0 |   0.0 |      11 |       0 |   0.0
            +---------+---------+-------+---------+---------+-------
